 Dungeon Crawl Stone Soup version 0.26.1-10-gdfb7c7de75 (webtiles) character file.

Game seed: 1206357629034438628

49 Amplified the Digger (level 3, -3/26 HPs)
             Began as a Demonspawn Earth Elementalist on Mar 31, 2021.
             Killed from afar by Natasha (8 damage)
             ... with a magic dart
             ... on level 2 of the Dungeon.
             The game lasted 00:02:00 (1090 turns).

Amplified the Digger (DsEE)                         Turns: 1090, Time: 00:02:01

Health: -3/26      AC:  2    Str:  9    XL:     3   Next: 53%
Magic:  0/6        EV: 12    Int: 16    God:
Gold:   12         SH:  0    Dex: 13    Spells: 5/6 levels left

rFire    . . .     SeeInvis .   d - +0 hunting sling
rCold    . . .     Faith    .   (no shield)
rNeg     . . .     Spirit   +   c - +0 robe
rPois    .         Reflect  .   (no helmet)
rElec    .         Harm     .   (no cloak)
rCorr    .         Rampage  .   (no gloves)
Will     .....                  (no boots)
Stlth    ++........             (no amulet)
HPRegen  0.08/turn              (no ring)
MPRegen  0.10/turn              (no ring)

@: very slightly contaminated, slowed, invisible, very slow
A: magic shield
a: no special abilities


You were on level 2 of the Dungeon.
You visited 1 branch of the dungeon, and saw 2 of its levels.

You collected 12 gold pieces.

Inventory:

Hand Weapons
 d - a +0 hunting sling (weapon)
Missiles
 b - 17 stones (quivered ammo)
 e - 46 sling bullets
Armour
 c - a +0 robe (worn)
Scrolls
 a - a scroll of enchant armour {unknown}
 h - a scroll of teleportation {unknown}
 i - a scroll of enchant weapon {unknown}
 j - a scroll of identify {unknown}


   Skills:
 * Level 1.4 Fighting
 * Level 1.1 Slings
 * Level 1.3 Armour
 * Level 2.3 Dodging
 - Level 1.7 Stealth
 - Level 2.0 Spellcasting
 - Level 0.8 Transmutations
 - Level 2.6 Earth Magic


You had 5 spell levels left.
You knew the following spells:

 Your Spells              Type           Power        Failure   Level
a - Sandblast             Erth           20%          7%          1

Your spell library contained the following spells:

 Spells                   Type           Power        Failure   Level
 Passwall                 Tmut/Erth      5%           16%         2
 Stone Arrow              Conj/Erth      10%          34%         3
 Petrify                  Tmut/Erth      7%           69%         4
 Lee's Rapid Deconstruct  Erth           5%           88%         5


Dungeon Overview and Level Annotations

Branches:
Dungeon (2/15)

Altars:

Annotations:
D:2 Natasha


Innate Abilities, Weirdness & Mutations

When hurt, damage is shared between your health and your magic reserves.


Message History

Aim: Natasha (47% to hit)
You shoot a stone. The stone barely misses Natasha.
The crimson imp barely misses you. Natasha claws you.
The crimson imp misses you.
Fire: 19 stones
Press: ? - help, Q - select action, (/) - cycle Shift-Dir - straight line, f/p - Natasha
Aim: Natasha (47% to hit)
You shoot a stone. The stone hits Natasha.
Natasha is lightly wounded.
Natasha closely misses you. The crimson imp misses you. Natasha claws you!
* * * LOW HITPOINT WARNING * * *
The crimson imp hits you.
* * * LOW HITPOINT WARNING * * *
Fire: 18 stones
Press: ? - help, Q - select action, (/) - cycle Shift-Dir - straight line, f/p - Natasha
Aim: Natasha (lightly wounded, 47% to hit)
You shoot a stone. The stone closely misses Natasha.
Natasha stares at you and mumbles some strange words.
The magic dart hits you!
You die...

# .# . (. #. #.
.. #.##( $#
#..#. .###
##(..####....
.##.........#
......5@....#
(.#...h.....#
#.......)..#
........#.#...#
..<.....#.#
#....
........#.# ##.
........#.##
(.......#).#
.....####)# .


You could see Natasha and a crimson imp (summoned).

Vanquished Creatures
  An ooze (D:2)
  3 dart slugs (D:1)
  A ball python (D:1)
  4 goblins (D:1)
  5 hobgoblins
  4 jackals (D:1)
  8 kobolds
  3 bats (D:1)
  3 frilled lizards (D:1)
  5 rats
37 creatures vanquished.

Notes
Turn   | Place    | Note
-------+----------+-------------------------------------------
     0 | D:1      | Amplified the Demonspawn Earth Elementalist began the quest
                  | for the Orb.
     0 | D:1      | Reached XP level 1. HP: 13/13 MP: 3/3
   225 | D:1      | Gained mutation: When hurt, damage is shared between your
                  | health and your magic reserves. [demonic ancestry]
   225 | D:1      | Reached XP level 2. HP: 20/20 MP: 5/5
   288 | D:1      | Reached skill level 1 in Fighting
   351 | D:1      | Reached skill level 1 in Armour
   587 | D:1      | Reached XP level 3. HP: 25/26 MP: 6/6
   909 | D:2      | Reached skill level 1 in Slings
  1082 | D:2      | Noticed Natasha
  1090 | D:2      | Killed from afar by Natasha

Illustrated notes

Levels and vault maps discovered:
D:1:      matt_arrival_spirals, layout_basic, st_stairs_14, minmay_pentomino_p4
D:2:      layout_rooms, nicolae_overflow_crystal_walls,
          chequers_ecumenical_altar_island, uniq_natasha, uniq_sigmund

Skill      XL: |  1  2  3 |
---------------+----------+-----
Dodging        | 2 |  2.3
Fighting       | 1 |  1.4
Armour         | 1 |  1.3
Slings         | 1 |  1.1
Stealth        | |  1.7
Spellcasting   | |  2.0
Transmutations | |  0.8
Earth Magic    | |  2.6

Action                   || total
-------------------------++-------
 Fire: Hunting sling     ||   111
 Cast: Sandblast         ||     5
  Use: Scroll            ||     3
       Potion            ||     1
Armor: Robe              ||    10
Dodge: Dodged            ||    38
